 Dungeon Crawl Stone Soup version 0.18-a0-211-gcfb53b4 (webtiles) character file.

88 Duffy the Skirmisher (level 4, 39/39 HPs)
             Began as a Formicid Hunter on Nov 24, 2015.
             Quit the game on level 2 of the Dungeon.
             The game lasted 00:01:19 (1219 turns).

Duffy the Skirmisher (Formicid Hunter)              Turns: 1219, Time: 00:01:19

Health: 39/39      AC:  3    Str: 16    XL:     4   Next: 82%
Magic:  4/4        EV: 12    Int: 11    God:
Gold:   123        SH:  0    Dex: 12    Spells: 0 memorised, 3 levels left

rFire  . . .     SeeInvis +     p - +2 dagger (venom)
rCold  . . .     Clarity  .     b - +0 leather armour
rNeg   . . .     SustAt   .     (no shield)
rPois  .         Gourm    .     (helmet unavailable)
rElec  .         Spirit   .     (no cloak)
rCorr  .         Warding  .     (no gloves)
rMut   .         Stasis   +     (no boots)
MR     .....                    (no amulet)
Stlth  +.........               (no ring)
                                (no ring)

@: not resistant to hostile enchantments, very unstealthy
A: permanent stasis, dig shafts and tunnels, four strong arms, antennae 3
a: Dig, Shaft Self


You were on level 2 of the Dungeon.
You were not hungry.

You visited 1 branch of the dungeon, and saw 2 of its levels.

You collected 123 gold pieces.


Innate Abilities, Weirdness & Mutations

You are under a permanent stasis effect.
You can dig through walls and to a lower floor.
Your four strong arms can wield two-handed weapons with a shield.
You have a pair of large antennae on your head (SInv).


   Skills:
 + Level 5.0 Fighting
 - Level 3.2 Throwing
 - Level 2.0 Dodging
 - Level 1.2 Stealth


You had 3 spell levels left.
You didn't know any spells.

Inventory:

Hand Weapons
 a - a +0 short sword
 p - a +2 dagger of venom (weapon)
Missiles
 c - 6 javelins (quivered)
 d - 2 throwing nets
Armour
 b - a +0 leather armour (worn)
Jewellery
 n - an uncursed ring of ice
Scrolls
 f - a scroll of fog {unknown}
 g - 2 scrolls of noise {unknown}
 i - a scroll of remove curse {unknown}
 k - a scroll of amnesia {unknown}
 l - 2 scrolls of random uselessness {unknown}
 m - a scroll of teleportation {unknown}
 q - a scroll of identify {unknown}
 s - a scroll of recharging {unknown}
Potions
 h - 2 potions of invisibility {unknown}
 j - a potion of lignification {unknown}
 r - a potion of curing {unknown}
Comestibles
 e - 3 bread rations
 o - a slice of pizza
 t - 2 chunks of flesh

Dungeon Overview and Level Annotations

Branches:
Dungeon (2/15)

Altars:


Message History

You hit the gnoll but do no damage.
The gnoll is poisoned.
The gnoll is moderately wounded.
The gnoll hits you but does no damage.
You closely miss the gnoll.
The gnoll is moderately wounded.
The gnoll closely misses you.
You barely miss the gnoll.
The gnoll is heavily wounded.
The gnoll barely misses you.
You hit the gnoll.
The gnoll is heavily wounded.
The gnoll closely misses you.
You hit the gnoll.
The gnoll looks even sicker.
The gnoll is almost dead.
You kill the gnoll!
Your Fighting skill increases to level 5!
You see here a spear.
You are feeling hungry.
You now have 123 gold pieces (gained 9).
There is a stone staircase leading up here.
You are feeling very hungry.
You see here a gnoll corpse.
You butcher the gnoll corpse.
t - 3 chunks of flesh Eating one of 3 chunks of flesh.
This raw flesh tastes terrible.
You continue eating. x2
There is a stone staircase leading up here.
You climb upwards.
There is a stone staircase leading down here.
You climb downwards.
There is a stone staircase leading up here.
Are you sure you want to abandon this character and quit the game? (Confirm with "yes".)
Okay, then.
Unknown command.
Are you sure you want to abandon this character and quit the game? (Confirm with "yes".)

#. ###. ... #. b# #.
#############.#
#.###.
#.......))..#.#
#.....
##.###.#########.#.#
###.##
................@.#.#
#.##
#################.#.#
#.#. #.#.## #.#.
#....#########...
#.?).............
#.....#########... {
##.#.## ###. #.#.# #.
#.#.# ##


There were no monsters in sight!

Action                   |  1- 3 |  4- 6 || total
-------------------------+-------+-------++-------
Melee: Short sword       |    56 |       ||    56
       Dagger            |    26 |    18 ||    44
 Stab: Sleeping          |     1 |       ||     1
  Eat: Chunk             |       |     1 ||     1

Notes
Turn   | Place    | Note
--------------------------------------------------------------
     0 | D:1      | Duffy the Formicid Hunter began the quest for the Orb.
     0 | D:1      | Reached XP level 1. HP: 16/16 MP: 1/1
   167 | D:1      | Reached skill level 2 in Dodging
   281 | D:1      | Reached XP level 2. HP: 14/23 MP: 2/2
   545 | D:1      | Reached skill level 3 in Fighting
   878 | D:2      | Reached XP level 3. HP: 29/29 MP: 3/3
   920 | D:2      | Noticed Ijyb
   933 | D:2      | Killed Ijyb
   933 | D:2      | Reached skill level 4 in Fighting
   933 | D:2      | Reached XP level 4. HP: 32/37 MP: 4/4
  1023 | D:2      | Reached skill level 5 in Fighting
  1219 | D:2      | Quit the game

Vault maps used:
D:1:      lemuel_arrival_funnel, lemuel_old_faithful
D:2:      uniq_iyjb, uniq_sigmund

Vanquished Creatures
  Ijyb
  4 gnolls
  7 goblins
  3 hobgoblins
  3 jackals
  3 bats
  3 giant newts
  4 kobolds
28 creatures vanquished.
